[Event "XXI Torredembarra Open 2019"]
[Site "Torredembarra"]
[Date "2019.07.06"]
[Round "1.1"]
[White "Farran Martos, Francesc X."]
[Black "Gonzalez Figueras, Carles"]
[Result "1-0"]
[ECO "B86"]
[WhiteElo "2432"]
[BlackElo "1775"]
[Annotator "NA"]
[PlyCount "47"]
[EventDate "2019.07.06"]
[EventType "swiss"]
[EventCountry "ESP"]
[SourceTitle "playchess.com"]
[Source "ChessBase"]
[SourceQuality "1"]
[TimeControl "5400+30"]

1. e4 c5 2. Nf3 d6 3. d4 cxd4 4. Nxd4 Nf6 5. Nc3 a6 6. Bc4 e6 7. Bb3 Nbd7 8. f4 Nc5 9. Qf3 Qc7 10. g4 b5 11. g5 Nfxe4 12. Nxe4 Nxe4 13. Qxe4 Bb7 14. Nxe6 Qa5+ 15. Bd2 Bxe4 16. Bxa5 fxe6 17. Rf1 Bf5 18. O-O-O Be7 19. Rfe1 Rc8 20. Bxe6 Rxc2+ 21. Kb1 Rc5+ 22. Bxf5 Rxf5 23. Rxd6 Kf7 24. Rd7 1-0

[Event "XXI Torredembarra Open 2019"]
[Site "Torredembarra"]
[Date "2019.07.06"]
[Round "1.2"]
[White "Costa Berenguer, Joan"]
[Black "Dardha, Daniel"]
[Result "0-1"]
[ECO "B73"]
[WhiteElo "1770"]
[BlackElo "2420"]
[Annotator "NA"]
[PlyCount "94"]
[EventDate "2019.07.06"]
[EventType "swiss"]
[EventCountry "ESP"]
[SourceTitle "playchess.com"]
[Source "ChessBase"]
[SourceQuality "1"]
[TimeControl "5400+30"]

1. e4 c5 2. Nf3 g6 3. d4 cxd4 4. Nxd4 Bg7 5. Be3 Nf6 6. Nc3 d6 7. Be2 O-O 8. O-O Nc6 9. h3 Bd7 10. Nxc6 Bxc6 11. f3 Qa5 12. Qe1 Rfc8 13. Qf2 b5 14. a3 b4 15. axb4 Qxb4 16. Rab1 Nd7 17. Bd3 a5 18. Nd5 Bxd5 19. c3 Qb3 20. exd5 Nf6 21. Bd4 Nxd5 22. Bxg7 Kxg7 23. Qd4+ Nf6 24. f4 Rab8 25. f5 Qb6 26. Qxb6 Rxb6 27. Rfe1 Rc7 28. g4 g5 29. Kf2 Nd5 30. Kg3 Nf4 31. Bc2 d5 32. h4 h6 33. hxg5 hxg5 34. f6+ Rxf6 35. Re5 Kf8 36. Rxg5 e6 37. Rf1 Nh5+ 38. Kg2 Rxf1 39. Kxf1 Nf6 40. Ke2 Rc4 41. Kf3 a4 42. Bd3 Rc7 43. Re5 a3 44. g5 axb2 45. gxf6 Rxc3 46. Rh5 Rxd3+ 47. Ke2 Ke8 0-1

[Event "XXI Torredembarra Open 2019"]
[Site "Torredembarra"]
[Date "2019.07.06"]
[Round "1.3"]
[White "Lacasa Diaz, Jose Antonio"]
[Black "Gomez Navais, Marcal"]
[Result "1-0"]
[ECO "A01"]
[WhiteElo "2391"]
[BlackElo "1768"]
[Annotator "NA"]
[PlyCount "77"]
[EventDate "2019.07.06"]
[EventType "swiss"]
[EventCountry "ESP"]
[SourceTitle "playchess.com"]
[Source "ChessBase"]
[SourceQuality "1"]
[TimeControl "5400+30"]

1. b3 e5 2. Bb2 Nc6 3. e3 Nf6 4. c4 Be7 5. Nc3 O-O 6. a3 d6 7. Nf3 Bg4 8. Be2 d5 9. cxd5 Nxd5 10. Qc2 Nxc3 11. Bxc3 Bd6 12. b4 a6 13. h3 Be6 14. d3 f6 15. Qb2 Qe8 16. g4 b5 17. g5 fxg5 18. Nxg5 Bd7 19. Bf3 h6 20. Bd5+ Kh8 21. h4 g6 22. Ne4 Qe7 23. f4 Rae8 24. O-O-O a5 25. Nxd6 cxd6 26. Rdg1 Rf6 27. h5 Qg7 28. bxa5 Ne7 29. Be4 Nf5 30. a6 Nxe3 31. Bxg6 Rc8 32. fxe5 dxe5 33. Kb1 Rc5 34. Be4 Qf7 35. a7 Rc8 36. Bxe5 Bf5 37. Bxf6+ Kh7 38. Rg7+ Qxg7 39. Bxg7 1-0

[Event "XXI Torredembarra Open 2019"]
[Site "Torredembarra"]
[Date "2019.07.06"]
[Round "1.4"]
[White "Matons Calafi, Eva M."]
[Black "Djuric, Stefan"]
[Result "0-1"]
[ECO "A05"]
[WhiteElo "1744"]
[BlackElo "2368"]
[Annotator "NA"]
[PlyCount "60"]
[EventDate "2019.07.06"]
[EventType "swiss"]
[EventCountry "ESP"]
[SourceTitle "playchess.com"]
[Source "ChessBase"]
[SourceQuality "1"]
[TimeControl "5400+30"]

1. Nf3 g6 2. g3 Bg7 3. Bg2 c5 4. d3 Nc6 5. e4 d6 6. O-O Nf6 7. c3 O-O 8. Nbd2 Ne5 9. Qe2 Bg4 10. h3 Bd7 11. Nxe5 dxe5 12. Nf3 Qc7 13. Be3 Rad8 14. a4 b6 15. Ne1 Nh5 16. Qd2 c4 17. g4 Nf4 18. Bxf4 exf4 19. d4 e5 20. d5 a5 21. Nc2 Bf6 22. Rfd1 Kg7 23. Qe2 h5 24. f3 Be7 25. Bf1 Bc5+ 26. Kh2 hxg4 27. fxg4 Rh8 28. Kg2 Qc8 29. Kf3 Rh4 30. Bg2 Bxg4+ 0-1

[Event "XXI Torredembarra Open 2019"]
[Site "Torredembarra"]
[Date "2019.07.06"]
[Round "1.5"]
[White "Pogorelov, Ruslan"]
[Black "Nieves Alarcon, Josep Antoni"]
[Result "1-0"]
[ECO "B00"]
[WhiteElo "2347"]
[BlackElo "1741"]
[Annotator "NA"]
[PlyCount "69"]
[EventDate "2019.07.06"]
[EventType "swiss"]
[EventCountry "ESP"]
[SourceTitle "playchess.com"]
[Source "ChessBase"]
[SourceQuality "1"]
[TimeControl "5400+30"]

1. Nf3 Nf6 2. c4 d6 3. d4 b6 4. Nc3 e6 5. e4 Bb7 6. Bd3 Nbd7 7. O-O Be7 8. Re1 e5 9. Rb1 O-O 10. d5 a5 11. a3 Nc5 12. Bc2 Bc8 13. b4 Nb7 14. h3 h6 15. Be3 Nh7 16. c5 bxc5 17. bxc5 f6 18. Ba4 Nxc5 19. Bc6 Ra6 20. Bxc5 dxc5 21. Na4 Bd6 22. Qc2 Qe7 23. Qc4 Ra7 24. Nxc5 Kh8 25. Nh4 Qf7 26. Ne6 Rg8 27. Re3 Ng5 28. Nxg5 hxg5 29. Nf5 Bxf5 30. exf5 Qe7 31. h4 g6 32. hxg5 fxg5 33. Rh3+ Kg7 34. fxg6 Qf6 35. Rh7+ 1-0

[Event "XXI Torredembarra Open 2019"]
[Site "Torredembarra"]
[Date "2019.07.06"]
[Round "1.6"]
[White "Ventura Rius, Andreu"]
[Black "Gonzalez Rodriguez, Jorge A."]
[Result "0-1"]
[ECO "A46"]
[WhiteElo "1726"]
[BlackElo "2201"]
[Annotator "NA"]
[PlyCount "78"]
[EventDate "2019.07.06"]
[EventType "swiss"]
[EventCountry "ESP"]
[SourceTitle "playchess.com"]
[Source "ChessBase"]
[SourceQuality "1"]
[TimeControl "5400+30"]

1. Nf3 b5 2. d4 Bb7 3. e3 a6 4. Bd3 Nf6 5. Nbd2 e6 6. b3 c5 7. Bb2 cxd4 8. exd4 Be7 9. O-O O-O 10. Ng5 d5 11. Qe2 Nc6 12. a3 Qb6 13. Ngf3 Rac8 14. Rab1 b4 15. a4 Rc7 16. Rbc1 Rfc8 17. Rfe1 a5 18. Nf1 Nb8 19. Ng3 Ba6 20. Ne5 Bxd3 21. Qxd3 Nc6 22. f4 Nxe5 23. fxe5 Ne8 24. Re2 Bg5 25. Rf1 g6 26. Kh1 Ng7 27. Ref2 Qa7 28. Re1 h5 29. Nf1 Nf5 30. g3 Rc6 31. Kg2 Rc3 32. Bxc3 Rxc3 33. Qb5 Nxd4 34. Qe8+ Kg7 35. h4 Bh6 36. Qd8 Nxc2 37. Qf6+ Kg8 38. Qd8+ Kh7 39. Qe8 Nxe1+ 0-1

[Event "XXI Torredembarra Open 2019"]
[Site "Torredembarra"]
[Date "2019.07.06"]
[Round "1.7"]
[White "Mateos Rozas, Miguel Angel"]
[Black "Marcer Hernandez, Jordi"]
[Result "1-0"]
[ECO "C01"]
[WhiteElo "2194"]
[BlackElo "1725"]
[Annotator "NA"]
[PlyCount "79"]
[EventDate "2019.07.06"]
[EventType "swiss"]
[EventCountry "ESP"]
[SourceTitle "playchess.com"]
[Source "ChessBase"]
[SourceQuality "1"]
[TimeControl "5400+30"]

1. e4 d6 2. d4 e6 3. g3 g6 4. Bg2 Bg7 5. Ne2 Ne7 6. O-O O-O 7. c4 Nbc6 8. Nbc3 f6 9. Be3 h6 10. Rb1 e5 11. d5 Na5 12. Qd3 b6 13. b4 Nb7 14. Nc1 f5 15. N1e2 g5 16. exf5 Bxf5 17. Ne4 Qd7 18. N2c3 Bh3 19. c5 Bxg2 20. Kxg2 Qg4 21. f3 Qf5 22. Nb5 Rfc8 23. Qb3 Qf7 24. cxd6 Nxd5 25. Bg1 c6 26. Na3 Rd8 27. b5 c5 28. Rbd1 Nf6 29. Nc4 Nxe4 30. fxe4 Qe6 31. Rd5 Kh8 32. Rfd1 Rd7 33. Ne3 Rxd6 34. Rxd6 Qxb3 35. axb3 Nxd6 36. Rxd6 a5 37. Rxb6 a4 38. Ra6 Rxa6 39. bxa6 axb3 40. Nc4 1-0

[Event "XXI Torredembarra Open 2019"]
[Site "Torredembarra"]
[Date "2019.07.06"]
[Round "1.8"]
[White "Ventura Fontanet, Ferran"]
[Black "Iagar, Razvan-Gabriel"]
[Result "0-1"]
[ECO "C02"]
[WhiteElo "1708"]
[BlackElo "2138"]
[Annotator "NA"]
[PlyCount "96"]
[EventDate "2019.07.06"]
[EventType "swiss"]
[EventCountry "ESP"]
[SourceTitle "playchess.com"]
[Source "ChessBase"]
[SourceQuality "1"]
[TimeControl "5400+30"]

1. e4 e6 2. d4 d5 3. e5 c5 4. c3 Nc6 5. Nf3 Qb6 6. Bd3 cxd4 7. cxd4 Bd7 8. O-O Nxd4 9. Nxd4 Qxd4 10. Nc3 a6 11. g3 Rc8 12. Re1 Qb4 13. a3 Qb6 14. Na4 Qc6 15. Nc3 Bc5 16. Qg4 Kf8 17. Bd2 h5 18. Qf3 Ne7 19. Rac1 Qb6 20. b4 Bd4 21. h4 Qa7 22. Qf4 b5 23. Be3 Bxe3 24. Rxe3 Be8 25. Rf3 Rc7 26. Kg2 Qb7 27. Kh3 Rh6 28. g4 hxg4+ 29. Qxg4 Kg8 30. h5 Nc6 31. Rg3 f5 32. exf6 Rxf6 33. Qg5 Kf8 34. Re1 Nd4 35. Qg4 Rxc3 36. Qxd4 Rc7 37. Bg6 Bf7 38. Reg1 Qa7 39. Qe5 Rd7 40. Bxf7 Rfxf7 41. Qxe6 Qxf2 42. Qxa6 Qf5+ 43. Rg4 Qxh5+ 44. Rh4 Qf3+ 45. Kh2 Qf2+ 46. Kh3 Rf3+ 47. Kg4 Rf4+ 48. Kg5 Qxh4+ {[%emt 0:00:04] Qe6} 0-1

[Event "XXI Torredembarra Open 2019"]
[Site "Torredembarra"]
[Date "2019.07.06"]
[Round "1.9"]
[White "Sirera Bargallo, Tomas"]
[Black "Krivenko, Dion"]
[Result "1/2-1/2"]
[ECO "A04"]
[WhiteElo "2115"]
[BlackElo "1700"]
[Annotator "NA"]
[PlyCount "71"]
[EventDate "2019.07.06"]
[EventType "swiss"]
[EventCountry "ESP"]
[SourceTitle "playchess.com"]
[Source "ChessBase"]
[SourceQuality "1"]
[TimeControl "5400+30"]

1. e4 c5 2. Nf3 Nc6 3. d3 g6 4. g3 Bg7 5. Bg2 e6 6. O-O Nge7 7. c3 O-O 8. Be3 b6 9. d4 cxd4 10. Nxd4 Bb7 11. Nb5 d5 12. Bf4 Ne5 13. Bxe5 Bxe5 14. f4 Bg7 15. e5 Nf5 16. Qd3 Ba6 17. a4 Qe7 18. Kh1 Rac8 19. N1a3 Rfd8 20. Nc2 f6 21. Rfe1 fxe5 22. fxe5 Qg5 23. Nb4 Bxb5 24. axb5 Rc7 25. Nc6 Rdd7 26. Bh3 Kh8 27. Bxf5 gxf5 28. Qe3 Qg6 29. Ra4 Bh6 30. Qf3 Rg7 31. Rea1 f4 32. gxf4 Rcf7 33. Rxa7 Rxf4 34. Ra8+ Rg8 35. Rxg8+ Kxg8 36. Ra8+ {[%emt 0:00:52] Kh8 Ra1 Rf7 Qf2} 1/2-1/2

[Event "XXI Torredembarra Open 2019"]
[Site "Torredembarra"]
[Date "2019.07.07"]
[Round "2.1"]
[White "Ribes Cabrera, Jordi"]
[Black "Farran Martos, Francesc X."]
[Result "0-1"]
[ECO "D40"]
[WhiteElo "1877"]
[BlackElo "2432"]
[Annotator "NA"]
[PlyCount "78"]
[EventDate "2019.07.06"]
[EventType "swiss"]
[EventCountry "ESP"]
[SourceTitle "playchess.com"]
[Source "ChessBase"]
[SourceQuality "1"]
[TimeControl "5400+30"]

1. d4 Nf6 2. c4 e6 3. Nc3 d5 4. Nf3 c5 5. dxc5 Bxc5 6. e3 O-O 7. Be2 Nc6 8. O-O a6 9. a3 Ba7 10. b4 Qc7 11. Qb3 dxc4 12. Bxc4 b5 13. Be2 e5 14. e4 Nd4 15. Nxd4 Bxd4 16. Bb2 Be6 17. Nd5 Nxd5 18. exd5 Bxb2 19. Qxb2 Bxd5 20. Rac1 Bc4 21. Bxc4 bxc4 22. Rfe1 Rfe8 23. Re4 Rad8 24. Qe2 c3 25. Rc4 Qe7 26. R4xc3 Rd6 27. Rc7 Qg5 28. Qc4 Qf6 29. Rc6 Red8 30. g3 g6 31. Qxa6 Rd1+ 32. Rxd1 Rxd1+ 33. Kg2 Qe7 34. Rc8+ Kg7 35. Qc4 Ra1 36. Rc7 Qf6 37. Ra7 Qf5 38. Qd5 Re1 39. Qf3 Rg1+ {[%emt 0:00:00] Qd5 Rd1} 0-1

[Event "XXI Torredembarra Open 2019"]
[Site "Torredembarra"]
[Date "2019.07.07"]
[Round "2.2"]
[White "Dardha, Daniel"]
[Black "Sanz Bastos, Fernando"]
[Result "1-0"]
[ECO "A80"]
[WhiteElo "2420"]
[BlackElo "1874"]
[Annotator "NA"]
[PlyCount "55"]
[EventDate "2019.07.06"]
[EventType "swiss"]
[EventCountry "ESP"]
[SourceTitle "playchess.com"]
[Source "ChessBase"]
[SourceQuality "1"]
[TimeControl "5400+30"]

1. d4 f5 2. Bg5 g6 3. Nc3 Bg7 4. e4 fxe4 5. Nxe4 d5 6. Nc5 b6 7. Nb3 Nf6 8. Nf3 Ne4 9. Bh4 O-O 10. Be2 c5 11. c3 Nc6 12. O-O Qd6 13. c4 e6 14. cxd5 exd5 15. dxc5 bxc5 16. Nfd2 Nxd2 17. Bg3 Be5 18. Qxd2 Bxg3 19. hxg3 Rd8 20. Rfd1 Qe7 21. Bf3 Be6 22. Re1 Qd6 23. Nxc5 Qxc5 24. Rxe6 Nd4 25. Rc1 Nxf3+ 26. gxf3 Qf8 27. Rc7 Qxf3 28. Qd4 1-0

[Event "XXI Torredembarra Open 2019"]
[Site "Torredembarra"]
[Date "2019.07.07"]
[Round "2.3"]
[White "Skielnik, Joseph J"]
[Black "Lacasa Diaz, Jose Antonio"]
[Result "0-1"]
[ECO "B13"]
[WhiteElo "1858"]
[BlackElo "2391"]
[Annotator "NA"]
[PlyCount "136"]
[EventDate "2019.07.06"]
[EventType "swiss"]
[EventCountry "ESP"]
[SourceTitle "playchess.com"]
[Source "ChessBase"]
[SourceQuality "1"]
[TimeControl "5400+30"]

1. d4 d5 2. Bf4 c5 3. e3 cxd4 4. exd4 Nc6 5. c3 Nf6 6. Bd3 Bg4 7. Qb3 Qd7 8. f3 Bh5 9. Ne2 e6 10. Nd2 Bg6 11. Bb5 Bd6 12. O-O a6 13. Bxc6 bxc6 14. Bxd6 Qxd6 15. Qa3 Qxa3 16. bxa3 h6 17. Nb3 Nd7 18. Nf4 Bh7 19. Rfe1 O-O 20. Rac1 g5 21. Nh3 Rfc8 22. c4 Bd3 23. cxd5 cxd5 24. Nf2 Bb5 25. Ng4 Kg7 26. Ne3 Nb6 27. Kf2 Na4 28. Rxc8 Rxc8 29. Rc1 Rxc1 30. Nxc1 Nc3 31. Ke1 f5 32. g3 Kf6 33. f4 gxf4 34. gxf4 Bc4 35. Nb3 Nxa2 36. Nxc4 dxc4 37. Na5 Nc1 38. Kd2 Nd3 39. Ke3 Nb2 40. Kd2 Ke7 41. Kc3 Nd3 42. Nxc4 Nxf4 43. Kd2 Nd5 44. Kd3 Kf6 45. Ne5 Kg5 46. Nf7+ Kg6 47. Ne5+ Kf6 48. Nd7+ Kg5 49. Nc5 Nc7 50. Ke3 Kg4 51. Kf2 Nb5 52. Nxe6 Nxa3 53. Nc5 a5 54. Nb3 Nc4 55. Nc5 Nb6 56. h3+ Kxh3 57. Kf3 Nd5 58. Na4 Kh4 59. Nc5 Kg5 60. Ne6+ Kf6 61. Nc5 h5 62. Nd7+ Kg5 63. Nc5 h4 64. Ne6+ Kh5 65. Ng7+ Kg6 66. Ne6 a4 67. Nc5 a3 68. Nb3 a2 0-1

[Event "XXI Torredembarra Open 2019"]
[Site "Torredembarra"]
[Date "2019.07.07"]
[Round "2.4"]
[White "Djuric, Stefan"]
[Black "Campas Altisent, Adria"]
[Result "1-0"]
[ECO "B93"]
[WhiteElo "2368"]
[BlackElo "1856"]
[Annotator "NA"]
[PlyCount "71"]
[EventDate "2019.07.06"]
[EventType "swiss"]
[EventCountry "ESP"]
[SourceTitle "playchess.com"]
[Source "ChessBase"]
[SourceQuality "1"]
[TimeControl "5400+30"]

1. e4 c5 2. Nf3 d6 3. d4 cxd4 4. Nxd4 Nf6 5. Nc3 a6 6. f4 e5 7. Nf3 Nbd7 8. a4 b6 9. Bc4 Be7 10. g4 Bb7 11. fxe5 Nxe5 12. Nxe5 dxe5 13. Qe2 O-O 14. g5 Ne8 15. h4 Nc7 16. Be3 Ne6 17. Bxe6 fxe6 18. Qc4 Qc8 19. Qxc8 Raxc8 20. O-O-O Bb4 21. Na2 Bc5 22. Bxc5 Rxc5 23. Nc3 Rc4 24. Rd6 Bxe4 25. Nxe4 Rxe4 26. b3 b5 27. a5 Re2 28. Kb2 Rc8 29. Rc1 Kf7 30. Rxa6 e4 31. Rb6 e5 32. a6 Rd2 33. a7 Ra8 34. Ra1 e3 35. Rb8 Rd8 36. Rxd8 1-0

[Event "XXI Torredembarra Open 2019"]
[Site "Torredembarra"]
[Date "2019.07.07"]
[Round "2.5"]
[White "Madria, Joseph John"]
[Black "Pogorelov, Ruslan"]
[Result "0-1"]
[ECO "B30"]
[WhiteElo "1838"]
[BlackElo "2347"]
[Annotator "NA"]
[PlyCount "44"]
[EventDate "2019.07.06"]
[EventType "swiss"]
[EventCountry "ESP"]
[SourceTitle "playchess.com"]
[Source "ChessBase"]
[SourceQuality "1"]
[TimeControl "5400+30"]

1. e4 c5 2. Nf3 Nc6 3. Bb5 Qc7 4. Bxc6 Qxc6 5. Nc3 e6 6. O-O a6 7. Re1 Be7 8. d4 cxd4 9. Qxd4 Kf8 10. Bf4 d6 11. Bg3 e5 12. Qd3 Be6 13. Rad1 Rc8 14. Rd2 g6 15. Bh4 f6 16. Red1 Kg7 17. Ne1 h5 18. Bg3 h4 19. Nd5 Bxd5 20. exd5 Qd7 21. Bxe5 fxe5 22. Nf3 h3 0-1

[Event "XXI Torredembarra Open 2019"]
[Site "Torredembarra"]
[Date "2019.07.07"]
[Round "2.6"]
[White "Gonzalez Rodriguez, Jorge A."]
[Black "Ortega Lopez, Manuel"]
[Result "1-0"]
[ECO "A34"]
[WhiteElo "2201"]
[BlackElo "1833"]
[Annotator "NA"]
[PlyCount "44"]
[EventDate "2019.07.06"]
[EventType "swiss"]
[EventCountry "ESP"]
[SourceTitle "playchess.com"]
[Source "ChessBase"]
[SourceQuality "1"]
[TimeControl "5400+30"]

1. c4 e5 2. Nc3 c5 3. g3 Nf6 4. Bg2 Na6 5. d3 Nc7 6. Bg5 Be7 7. Bxf6 Bxf6 8. e3 O-O 9. Nge2 Rb8 10. O-O g6 11. Rb1 a6 12. Qd2 Bg7 13. b4 cxb4 14. Rxb4 b5 15. cxb5 Nxb5 16. a4 Qa5 17. Rfb1 Nxc3 18. Rxb8 Nxe2+ 19. Qxe2 Qxa4 20. Rc1 Qa3 21. Rcxc8 Rxc8 22. Rxc8+ Bf8 1-0

[Event "XXI Torredembarra Open 2019"]
[Site "Torredembarra"]
[Date "2019.07.07"]
[Round "2.7"]
[White "Girona Rovira, Albert"]
[Black "Mateos Rozas, Miguel Angel"]
[Result "0-1"]
[ECO "E91"]
[WhiteElo "1817"]
[BlackElo "2194"]
[Annotator "NA"]
[PlyCount "92"]
[EventDate "2019.07.06"]
[EventType "swiss"]
[EventCountry "ESP"]
[SourceTitle "playchess.com"]
[Source "ChessBase"]
[SourceQuality "1"]
[TimeControl "5400+30"]

1. d4 Nf6 2. c4 g6 3. Nc3 Bg7 4. Nf3 O-O 5. e4 d6 6. Be2 b6 7. O-O Bb7 8. d5 Nbd7 9. Be3 e5 10. Nd2 Qe7 11. b4 Ne8 12. Qc2 a5 13. a3 f5 14. f3 Bc8 15. Nb3 fxe4 16. fxe4 Rxf1+ 17. Rxf1 axb4 18. axb4 Ndf6 19. h3 h5 20. c5 bxc5 21. bxc5 Kh7 22. c6 Bh6 23. Bxh6 Kxh6 24. Qd2+ Kg7 25. Ra1 Rxa1+ 26. Nxa1 Nh7 27. Nb3 Qh4 28. Kf1 Qg3 29. Qe1 Qe3 30. Qd2 Qb6 31. Nc1 Nef6 32. Bd3 Qb4 33. N1e2 h4 34. Nb1 Qb6 35. Nbc3 g5 36. Na4 Qa7 37. Nac3 g4 38. hxg4 Nxg4 39. Ke1 Qf2+ 40. Kd1 Ne3+ 41. Kc1 Nxg2 42. Nd1 Qc5+ 43. Nec3 h3 44. Bf1 Nf4 45. Kb2 Qg1 46. Ne3 h2 0-1

[Event "XXI Torredembarra Open 2019"]
[Site "Torredembarra"]
[Date "2019.07.07"]
[Round "2.8"]
[White "Iagar, Razvan-Gabriel"]
[Black "Grau Ferrer, Carles"]
[Result "1-0"]
[ECO "D90"]
[WhiteElo "2138"]
[BlackElo "1815"]
[Annotator "NA"]
[PlyCount "133"]
[EventDate "2019.07.06"]
[EventType "swiss"]
[EventCountry "ESP"]
[SourceTitle "playchess.com"]
[Source "ChessBase"]
[SourceQuality "1"]
[TimeControl "5400+30"]

1. d4 d5 2. c4 c6 3. Nc3 Nf6 4. cxd5 cxd5 5. Bf4 a6 6. e3 g6 7. h3 Bg7 8. Nf3 O-O 9. Bd3 Nc6 10. O-O Re8 11. Rc1 h6 12. Bh2 g5 13. Na4 g4 14. hxg4 Bxg4 15. Nc5 Qb6 16. Qb3 Qxb3 17. Nxb3 Bxf3 18. gxf3 e5 19. dxe5 Nxe5 20. Be2 b5 21. Nd4 Ned7 22. Rc7 Nf8 23. Rc6 Ne6 24. Be5 Nxd4 25. Bxd4 Re6 26. Rfc1 Rae8 27. Bf1 Rxc6 28. Rxc6 Re6 29. Rc8+ Re8 30. Rc7 Nh7 31. Bxg7 Kxg7 32. Bd3 Ng5 33. Kg2 Re6 34. Rd7 Rf6 35. f4 Ne6 36. Rxd5 Rxf4 37. Rd6 Rf6 38. Rd5 Nc7 39. Rc5 Ne6 40. Rc8 Nf8 41. Ra8 Rd6 42. Be4 Ne6 43. b4 Rb6 44. Ra7 Rd6 45. a3 Ng5 46. Bf5 Ne6 47. f4 Kf6 48. Be4 Kg7 49. Kf3 Kf6 50. Kg4 Ng7 51. Ra8 h5+ 52. Kf3 Rb6 53. Ra7 Rd6 54. Bb7 Ne8 55. Bxa6 Rb6 56. Bb7 Ke6 57. Bc8+ Kf6 58. Bd7 Nd6 59. e4 Nb7 60. Bc8 Nd8 61. Ra6 Rc6 62. Bb7 Rxa6 63. Bxa6 Nc6 64. Ke3 Na7 65. Bb7 Ke6 66. Kf3 f5 67. e5 1-0

[Event "XXI Torredembarra Open 2019"]
[Site "Torredembarra"]
[Date "2019.07.07"]
[Round "2.9"]
[White "Galimany Rovira, Xavier"]
[Black "Zhukov, Anton"]
[Result "1-0"]
[ECO "A22"]
[WhiteElo "2086"]
[BlackElo "2087"]
[Annotator "NA"]
[PlyCount "75"]
[EventDate "2019.07.06"]
[EventType "swiss"]
[EventCountry "ESP"]
[SourceTitle "playchess.com"]
[Source "ChessBase"]
[SourceQuality "1"]
[TimeControl "5400+30"]

1. c4 e5 2. g3 Nf6 3. Bg2 Be7 4. Nc3 d6 5. d3 Nbd7 6. e4 Nf8 7. Nge2 Ng6 8. h3 Bd7 9. Be3 c6 10. Qd2 Qa5 11. a3 Nf8 12. b4 Qc7 13. O-O Ne6 14. f4 exf4 15. gxf4 h6 16. d4 b6 17. Rac1 Qc8 18. Kh2 Qa6 19. e5 Nh7 20. d5 cxd5 21. Nxd5 Bd8 22. Nf6+ Bxf6 23. exf6 Rd8 24. f5 Nxf6 25. fxe6 Bxe6 26. Bd4 Nh5 27. Bc6+ Ke7 28. Nf4 Nxf4 29. Qxf4 Qxa3 30. Bxg7 Qxh3+ 31. Kg1 f5 32. Rf3 Qg4+ 33. Qxg4 fxg4 34. Rff1 Rc8 35. Bf6+ Kf7 36. Bxh8+ Kg8 37. Bd5 Bxd5 38. cxd5 1-0

[Event "XXI Torredembarra Open 2019"]
[Site "Torredembarra"]
[Date "2019.07.08"]
[Round "3.1"]
[White "Farran Martos, Francesc X."]
[Black "Fernandez Alonso, Miguel Angel"]
[Result "1-0"]
[ECO "B30"]
[WhiteElo "2432"]
[BlackElo "2060"]
[Annotator "NA"]
[PlyCount "52"]
[EventDate "2019.07.06"]
[EventType "swiss"]
[EventCountry "ESP"]
[SourceTitle "playchess.com"]
[Source "ChessBase"]
[SourceQuality "1"]
[TimeControl "5400+30"]

1. e4 c5 2. Nf3 Nc6 3. Bb5 e6 4. O-O Nge7 5. Re1 a6 6. Bf1 d6 7. c3 Ng6 8. d4 Be7 9. a4 O-O 10. Na3 e5 11. h3 Nh4 12. Nxh4 Bxh4 13. dxc5 dxc5 14. Be3 Be7 15. Bc4 Qc7 16. Bd5 Bd7 17. Qh5 Nd8 18. Nc4 Bf6 19. a5 Ne6 20. Nb6 Rad8 21. Rad1 Rfe8 22. Rd2 Bc6 23. g3 Qe7 24. Bxc6 bxc6 25. Red1 g6 26. Qe2 Bg5 1-0

[Event "XXI Torredembarra Open 2019"]
[Site "Torredembarra"]
[Date "2019.07.08"]
[Round "3.2"]
[White "Argerich Farras, Jose"]
[Black "Dardha, Daniel"]
[Result "0-1"]
[ECO "A30"]
[WhiteElo "2014"]
[BlackElo "2420"]
[Annotator "NA"]
[PlyCount "102"]
[EventDate "2019.07.06"]
[EventType "swiss"]
[EventCountry "ESP"]
[SourceTitle "playchess.com"]
[Source "ChessBase"]
[SourceQuality "1"]
[TimeControl "5400+30"]

1. Nf3 Nf6 2. c4 c5 3. Nc3 b6 4. g3 Bb7 5. Bg2 g6 6. O-O Bg7 7. d4 cxd4 8. Nxd4 Bxg2 9. Kxg2 O-O 10. Qd3 Qc8 11. Nd5 Qb7 12. e4 e6 13. Nxf6+ Bxf6 14. Nf3 Na6 15. Qe2 d6 16. Bf4 Rfd8 17. Rad1 Nc5 18. e5 dxe5 19. Bxe5 Bxe5 20. Qxe5 Rd3 21. Rxd3 Nxd3 22. Qd4 Nb4 23. Qc3 Nc6 24. Rd1 e5 25. Kg1 Re8 26. Re1 Qe7 27. Qe3 f5 28. Rd1 e4 29. Ne1 Ne5 30. Rd5 Nxc4 31. Qd4 Ne5 32. Kg2 Nc6 33. Qd1 Ne5 34. Qb3 Qf7 35. Nc2 Nd3 36. Qb5 a6 37. Qc6 f4 38. Rd7 f3+ 39. Kf1 Ne5 40. Rxf7 Nxc6 41. Rc7 Ne5 42. Ne3 Rd8 43. Rc2 Ng4 44. Rc3 Nxe3+ 45. Rxe3 Rd1+ 46. Re1 Rxe1+ 47. Kxe1 Kf7 48. Kd2 Ke6 49. Ke3 Ke5 50. h3 g5 51. h4 h6 0-1

[Event "XXI Torredembarra Open 2019"]
[Site "Torredembarra"]
[Date "2019.07.08"]
[Round "3.3"]
[White "Lacasa Diaz, Jose Antonio"]
[Black "Ventos Navarro, Llibert"]
[Result "1/2-1/2"]
[ECO "A13"]
[WhiteElo "2391"]
[BlackElo "2013"]
[Annotator "NA"]
[PlyCount "56"]
[EventDate "2019.07.06"]
[EventType "swiss"]
[EventCountry "ESP"]
[SourceTitle "playchess.com"]
[Source "ChessBase"]
[SourceQuality "1"]
[TimeControl "5400+30"]

1. Nf3 Nf6 2. b3 c5 3. Bb2 e6 4. c4 d5 5. cxd5 exd5 6. g3 Nc6 7. Bg2 Be7 8. O-O Bf5 9. d4 cxd4 10. Nxd4 Nxd4 11. Qxd4 Qd7 12. Nc3 Bh3 13. Rfd1 Bxg2 14. Kxg2 Rd8 15. Qxa7 d4 16. Qa4 Qxa4 17. Nxa4 b5 18. Rxd4 Rxd4 19. Bxd4 bxa4 20. bxa4 Kd7 21. Rd1 Ke6 22. Rd3 Ra8 23. Re3+ Kd7 24. Rd3 Ke8 25. Re3 Rxa4 26. Bxf6 gxf6 27. Rb3 Kf8 28. Rb2 Kg7 1/2-1/2

[Event "XXI Torredembarra Open 2019"]
[Site "Torredembarra"]
[Date "2019.07.08"]
[Round "3.4"]
[White "Borrellas Comellas, Josep"]
[Black "Djuric, Stefan"]
[Result "0-1"]
[ECO "C01"]
[WhiteElo "1935"]
[BlackElo "2368"]
[Annotator "RC"]
[PlyCount "48"]
[EventDate "2019.07.06"]
[EventType "swiss"]
[EventCountry "ESP"]
[SourceTitle "playchess.com"]
[Source "ChessBase"]
[SourceQuality "1"]
[TimeControl "5400+30"]

1. e4 e6 2. d4 d5 3. exd5 exd5 4. Bf4 Nf6 5. Nf3 Bd6 6. Bxd6 Qxd6 7. c3 O-O 8. Be2 Qb6 9. Qb3 Qe6 10. Qd1 Re8 11. Kf1 Nbd7 12. Nbd2 c5 13. dxc5 Nxc5 14. Nd4 Qb6 15. Qc2 Bd7 16. h3 Rac8 17. a4 Nxa4 18. Rxa4 Bxa4 19. Qxa4 Qxb2 20. N2f3 Rxc3 21. Kg1 Ra3 22. Qb5 Ra1+ 23. Bf1 Qxb5 24. Nxb5 Ne4 0-1

[Event "XXI Torredembarra Open 2019"]
[Site "Torredembarra"]
[Date "2019.07.08"]
[Round "3.5"]
[White "Pogorelov, Ruslan"]
[Black "Barberans Sola, Sebastia"]
[Result "1-0"]
[ECO "D02"]
[WhiteElo "2347"]
[BlackElo "1887"]
[Annotator "NA"]
[PlyCount "42"]
[EventDate "2019.07.06"]
[EventType "swiss"]
[EventCountry "ESP"]
[SourceTitle "playchess.com"]
[Source "ChessBase"]
[SourceQuality "1"]
[TimeControl "5400+30"]

1. Nf3 d5 2. d4 Nc6 3. Bf4 Nf6 4. e3 Bf5 5. c4 e6 6. a3 Bd6 7. Bg5 h6 8. Bh4 g5 9. Bg3 Ne4 10. cxd5 exd5 11. Nc3 Bxg3 12. hxg3 Qd6 13. Bb5 Ke7 14. Rc1 Nd8 15. Bd3 Nxc3 16. Rxc3 Bxd3 17. Qxd3 Ne6 18. O-O Raf8 19. e4 c6 20. Re1 Kd8 21. b4 a6 1-0